Map: [ESL] Oceanborn

Players

ShaDoWn

  • Race: Protoss Protoss
  • League: Master
  • Spawn Location: 11:00

Lambo - Winner!

  • Race: Zerg Zerg
  • Spawn Location: 5:00

Event: HomeStory Cup XXIV

VOD

Have the link to the VOD?

Description

Time

  • Played on: Dec. 1, 2023, 2:45 p.m.
  • Length: 9:07

All games in this series

Show
View Real Time Build Order
Export as new Build Order

ShaDoWn Protoss 

Build Orders: 1 Gate Expand, Oracle Opening 

Get SALT Encoding   

  12  0:00  Probe  
  13  0:12  Probe  
  14  0:19  Pylon  
  14  0:24  Probe  
  15  0:30  Assimilator  
  15  0:37  Probe (Chrono Boost)  
  16  0:43  Gateway  
  17  0:50  Probe (Chrono Boost)  
  17  0:55  Probe (Chrono Boost)  
  18  1:04  Probe  
  19  1:16  Probe  
  20  1:22  Nexus  
  20  1:31  Cybernetics Core  
  20  1:34  Probe  
  21  1:40  Assimilator  
  21  1:46  Probe  
  22  1:49  Pylon  
  22  1:59  Probe  
  23  2:04  Adept (Chrono Boost)  
  25  2:11  Probe (Chrono Boost)  
  25  2:13  Stargate  
  26  2:20  Warp Gate  
  27  2:23  Probe (Chrono Boost)  
  27  2:29  Stalker  
  30  2:30  Probe (Chrono Boost)  
  30  2:34  Probe (Chrono Boost)  
  31  2:43  Probe (Chrono Boost)  
  31  2:44  Probe (Chrono Boost)  
  33  2:49  Probe x2 (Chrono Boost)  
  35  2:56  Oracle (Chrono Boost)  
  38  3:00  Pylon, Probe  
  38  3:01  Probe  
  40  3:13  Probe x2  
  42  3:25  Oracle (Chrono Boost), Probe x2  
  47  3:37  Probe  
  47  3:38  Nexus, Probe  
  48  3:48  Pylon  
  48  3:49  Probe  
  48  3:50  Probe  
  48  3:54  Assimilator  
  50  3:56  Assimilator  
  50  3:58  Oracle (Chrono Boost)  
  50  4:01  Probe  
  54  4:06  Probe  
  55  4:10  Adept  
  55  4:13  Probe  
  58  4:18  Probe  
  59  4:24  Twilight Council  
  59  4:25  Probe, Forge  
  59  4:26  Pylon  
  59  4:30  Probe  
  61  4:35  Pylon  
  61  4:37  Probe  
  62  4:44  Probe (Chrono Boost)  
  63  4:49  Probe (Chrono Boost)  
  63  4:51  Probe (Chrono Boost)  
  63  4:52  Stalker  
  65  4:56  Probe (Chrono Boost)  
  65  5:01  Probe (Chrono Boost)  
  65  5:03  Probe (Chrono Boost)  
  65  5:04  Shield Battery  
  65  5:05  Probe (Chrono Boost)  
  65  5:07  Probe x2 (Chrono Boost)  
  65  5:10  Probe  
  68  5:14  Protoss Ground Weapons Level 1  
  68  5:16  Stalker, Probe  
  68  5:17  Probe  
  66  5:22  Gateway, Probe  
  66  5:23  Blink (Chrono Boost)  
  63  5:29  Probe (Chrono Boost)  
  63  5:30  Probe (Chrono Boost)  
  65  5:38  Pylon  
  65  5:40  Probe (Chrono Boost)  
  65  5:41  Probe (Chrono Boost)  
  67  5:43  Stalker  
  67  5:44  Probe (Chrono Boost)  
  67  5:46  Probe (Chrono Boost)  
  67  5:47  Gateway x2  
  67  5:48  Probe (Chrono Boost)  
  67  5:49  Gateway  
  71  5:52  Probe  
  71  5:55  Probe  
  73  5:59  Probe  
  73  6:02  Shield Battery  
  74  6:04  Probe  
  74  6:07  Stalker  
  74  6:08  Probe  
  74  6:11  Probe  
  77  6:14  Robotics Facility  
  77  6:16  Probe  
  77  6:17  Stalker, Pylon  
  80  6:20  Probe  
  80  6:23  Probe  
  82  6:28  Probe  
  82  6:31  Pylon  
  82  6:32  Stalker, Probe  
  79  6:35  Probe  
  76  6:40  Pylon, Probe  
  76  6:44  Stalker x3  
  76  6:45  Stalker  
  85  6:49  Probe  
  85  6:52  Probe  
  87  6:58  Nexus  
  87  7:00  Pylon  
  86  7:08  Robotics Facility  
  86  7:11  Robotics Bay  
  86  7:16  Pylon  
  86  7:18  Observer, Probe x2  
  86  7:21  Stalker x2  
  93  7:24  Stalker  
  91  7:30  Probe  
  91  7:32  Stalker x2  
  91  7:34  Probe  
  92  7:42  Probe  
  84  7:44  Stalker x2  
  84  7:46  Probe  
  84  7:47  Stalker  
  91  7:55  Probe  
  92  7:58  Probe  
  93  8:10  Probe (Chrono Boost)  
  93  8:11  Probe (Chrono Boost)  
  102  8:13  Assimilator  
  102  8:15  Disruptor (Chrono Boost)  
  102  8:18  Stalker x2  
  108  8:21  Stalker  
  108  8:22  Disruptor (Chrono Boost)  
  107  8:35  Stalker  
  107  8:41  Pylon  
  107  8:42  Pylon  
Show
View Real Time Build Order
Export as new Build Order

Lambo Zerg - Winner!

Build Orders: Hatch First 

Get SALT Encoding   

  12  0:00  Drone  
  13  0:12  Overlord  
  13  0:17  Drone  
  14  0:30  Drone x2  
  16  0:47  Hatchery  
  15  0:50  Drone  
  15  0:54  Drone  
  17  0:57  Drone  
  18  1:08  Extractor  
  17  1:12  Spawning Pool  
  17  1:15  Drone  
  17  1:18  Drone  
  18  1:27  Drone  
  19  1:38  Drone  
  20  1:49  Drone  
  21  1:59  Queen x2  
  21  2:00  Zergling x2, Overlord  
  26  2:08  Metabolic Boost  
  26  2:09  Drone  
  26  2:10  Drone  
  28  2:23  Drone x2  
  30  2:31  Drone  
  30  2:32  Zergling x2  
  32  2:37  Hatchery  
  32  2:42  Drone  
  32  2:43  Overlord  
  32  2:51  Queen  
  32  2:53  Drone  
  32  2:54  Drone  
  36  3:04  Queen  
  38  3:05  Overlord  
  38  3:08  Zergling x2  
  38  3:12  Drone x3  
  42  3:17  Drone x2  
  44  3:26  Drone  
  45  3:27  Drone  
  46  3:35  Queen  
  46  3:38  Drone x2  
  50  3:44  Drone x2  
  50  3:48  Queen  
  51  3:49  Zergling x6  
  51  3:52  Spore Crawler  
  51  3:54  Drone x3  
  58  3:59  Drone  
  58  4:00  Drone  
  58  4:11  Evolution Chamber  
  58  4:12  Overlord  
  58  4:14  Overlord  
  58  4:15  Overlord  
  58  4:16  Drone  
  57  4:20  Overlord  
  57  4:22  Overlord  
  57  4:25  Spore Crawler  
  57  4:26  Drone  
  57  4:31  Zergling x8  
  61  4:33  Zergling x4  
  63  4:39  Drone  
  63  4:40  Zerg Melee Weapons Level 1  
  63  4:42  Baneling Nest  
  63  4:48  Drone x6  
  63  4:52  Drone x5  
  73  4:55  Drone  
  73  4:57  Overlord  
  74  5:00  Drone x2  
  74  5:06  Drone  
  75  5:08  Drone  
  75  5:13  Drone  
  75  5:17  Drone x3  
  75  5:19  Drone x4  
  75  5:20  Hatchery  
  75  5:21  Extractor, Drone  
  80  5:26  Drone x4  
  82  5:30  Lair  
  82  5:31  Extractor  
  81  5:40  Spore Crawler  
  80  5:44  Zergling x10, Drone  
  80  5:45  Extractor  
  80  5:47  Hatchery  
  82  5:52  Zergling x14  
  82  5:54  Drone x2  
  82  5:56  Queen  
  89  6:03  Zergling x6  
  91  6:13  Zergling x12  
  91  6:16  Queen  
  98  6:23  Drone x7  
  104  6:29  Zergling x2  
  104  6:30  Zergling x2  
  101  6:33  Zergling x4  
  101  6:35  Zerg Melee Weapons Level 2  
  101  6:37  Centrifugal Hooks  
  101  6:38  Drone, Hydralisk Den  
  102  6:41  Zergling x8  
  106  6:47  Spore Crawler  
  106  6:48  Zergling x14  
  106  6:53  Zergling x2  
  112  6:57  Drone  
  112  6:58  Extractor, Overlord x2  
  112  7:00  Drone  
  112  7:03  Overlord  
  112  7:06  Drone x3  
  112  7:07  Muscular Augments  
  115  7:11  Hydralisk  
  115  7:13  Overlord  
  115  7:14  Overlord  
  115  7:15  Overlord  
  117  7:21  Hydralisk  
  117  7:22  Hydralisk x9  
  135  7:25  Zergling x2  
  135  7:26  Zergling x2  
  135  7:28  Hydralisk  
  135  7:33  Hydralisk x2  
  129  7:38  Hydralisk  
  129  7:42  Zergling x16  
  133  7:49  Hydralisk x3  
  136  7:51  Zergling x2  
  136  7:52  Zergling x6  
  136  7:58  Zergling x12  
  141  8:02  Baneling  
  141  8:04  Zergling x12  
  147  8:08  Zergling x2  
  147  8:10  Zergling x2  
  147  8:11  Grooved Spines  
  147  8:12  Zergling x12  
  155  8:16  Zergling x6  
  158  8:22  Zergling x2  
  158  8:23  Zergling x2  
  158  8:24  Zergling x6  
  161  8:33  Zergling x14  
  165  8:37  Zergling x6  
  165  8:39  Baneling x14  
  165  8:40  Zergling x2  
  166  8:44  Zergling x4  
  166  8:48  Zergling x4  
  166  8:53  Infestation Pit  
Tags
 
Add a new tag
Caveats
  • Supply blocks, unpowered buildings, or Contaminate may cause inaccurate times.
  • Supply counts are checked every 10 seconds.